 Dungeon Crawl Stone Soup version 0.23-a0-612-gcb482e9 (webtiles) character file.

40 tidbits the Caller (level 3, -3/25 HPs)
             Began as a Gnoll Summoner on Dec 21, 2018.
             Slain by an orc
             ... wielding a +0 hand axe
              (5 damage)
             ... on level 3 of the Dungeon.
             The game lasted 00:05:13 (460 turns).

tidbits the Caller (Gnoll Summoner)                  Turns: 460, Time: 00:05:14

Health: -3/25      AC:  3    Str: 10    XL:     3   Next: 50%
Magic:  1/9        EV: 20    Int: 18    God:
Gold:   57         SH:  0    Dex: 20    Spells: 9/12 levels left

rFire    . . .     SeeInvis .   b - +0 quarterstaff
rCold    . . .     Gourm    .   (shield currently unavailable)
rNeg     . . .     Faith    .   d - +0 robe
rPois    .         Spirit   .   (no helmet)
rElec    .         Reflect  .   C - +0 cloak
rCorr    .         Harm     .   (no gloves)
MR       .....                  (no boots)
Stlth    ++++......             (no amulet)
HPRegen  0.08/turn              (no ring)
MPRegen  0.11/turn              (no ring)

@: agile
A: distributed training, fangs 1, strong nose
a: no special abilities


You were on level 3 of the Dungeon.
You were full.

You visited 1 branch of the dungeon, and saw 3 of its levels.

You collected 57 gold pieces.

Inventory:

Hand Weapons
 a - a +0 dagger
 b - a +0 quarterstaff (weapon)
 j - a +0 short sword
Armour
 d - a +0 robe (worn)
 k - a +0 ring mail
 C - a +0 cloak (worn)
Jewellery
 h - an uncursed ring of ice
   (You took it off a hobgoblin on level 2 of the Dungeon)
Wands
 l - a wand of enslavement (5)
Scrolls
 e - 3 scrolls of enchant armour {unknown}
 f - 2 scrolls of identify {unknown}
 g - a scroll of blinking {unknown}
 i - a scroll of enchant weapon {unknown}
 m - a scroll of teleportation {unknown}
Comestibles
 c - 3 rations


   Skills:
 + Level 0.8 Fighting
 + Level 0.8 Short Blades
 + Level 0.8 Long Blades
 + Level 0.8 Axes
 + Level 0.8 Maces & Flails
 + Level 0.8 Polearms
 + Level 0.8 Staves
 + Level 0.8 Slings
 + Level 0.8 Bows
 + Level 0.8 Crossbows
 + Level 0.8 Throwing
 + Level 0.8 Armour
 + Level 4.5 Dodging
 + Level 4.1 Stealth
 + Level 0.8 Shields
 + Level 0.8 Unarmed Combat
 + Level 5.0 Spellcasting
 + Level 0.5 Conjurations
 + Level 0.5 Hexes
 + Level 0.5 Charms
 + Level 7.1 Summonings
 + Level 0.5 Necromancy
 + Level 0.5 Translocations
 + Level 0.5 Transmutations
 + Level 0.5 Fire Magic
 + Level 0.5 Ice Magic
 + Level 0.5 Air Magic
 + Level 0.5 Earth Magic
 + Level 0.5 Poison Magic
 + Level 1.0 Invocations
 + Level 0.8 Evocations


You had 9 spell levels left.
You knew the following spells:

 Your Spells              Type           Power        Failure   Level  Hunger
a - Summon Small Mammal   Summ           ####         1%          1    None
i - Call Imp              Summ           ####....     1%          2    #......

Your spell library contained the following spells:

 Spells                   Type           Power        Failure   Level  Hunger
 Call Canine Familiar     Summ           ####....     2%          3    ##.....
 Summon Guardian Golem    Hex/Summ       ###.....     9%          3    ##.....
 Summon Ice Beast         Ice/Summ       ###.....     26%         4    ####...
 Summon Lightning Spire   Summ/Air       ###.....     26%         4    ####...


Dungeon Overview and Level Annotations

Branches:
Dungeon (3/15)

Altars:


Innate Abilities, Weirdness & Mutations

Your experience applies equally to all skills.
You have very sharp teeth.
Your uncanny sense of smell can sniff out nearby items.


Message History

Found a ration and a glowing short sword.
Unknown command.
Wield which item (- for none, * to show all)? (? for menu, Esc to quit)
b - a +0 quarterstaff (weapon)
Casting: Summon Small Mammal (safe; 1% risk of failure)
Confirm with . or Enter, or press ? or * to list all spells.
A shadowy apparition takes form in the air.
An orc priest comes into view. It is wielding a +0 mace.
The frilled lizard unfolds its giant frill.
Unknown command.
What are your orders? t - Bark!
Orders for allies: a - Attack new target. r - Retreat! s - Stop attacking. g - Guard the area. f - Follow me.
Anything else - Cancel.
Gang up on whom?
Press: ? - help, Dir - move target cursor, f - orc
Aim: an orc, wielding a +0 hand axe and wearing a +0 leather armour Attack!
You swap places.
Something barely misses your shadow imp.
What are your orders? t - Bark!
Orders for allies: a - Attack new target. p - Attack previous target. r - Retreat! s - Stop attacking. g - Guard the area. f - Follow me.
Anything else - Cancel.
Gang up on whom?
Press: ? - help, Dir - move target cursor, f/p - orc
Aim: an orc, wielding a +0 hand axe and wearing a +0 leather armour Attack!
The orc completely misses your crimson imp.
The orc barely misses your crimson imp. The orc barely misses your quokka.
Your quokka bites the orc but does no damage.
Your crimson imp barely misses the orc.
Unknown command.
Your quokka barely misses the orc.
The orc closely misses your crimson imp.
The orc closely misses your quokka.
Your crimson imp blinks!
What are your orders? t - Bark!
Orders for allies: a - Attack new target. p - Attack previous target. r - Retreat! s - Stop attacking. g - Guard the area. f - Follow me.
Anything else - Cancel.
Gang up on whom?
Press: ? - help, Dir - move target cursor, f/p - orc
Aim: an orc, wielding a +0 hand axe and wearing a +0 leather armour Attack!
Your quokka barely misses the orc.
The frilled lizard closely misses your quokka.
What are your orders? t - Bark!
Orders for allies: a - Attack new target. p - Attack previous target. r - Retreat! s - Stop attacking. g - Guard the area. f - Follow me.
Anything else - Cancel.
Gang up on whom?
Press: ? - help, Dir - move target cursor, f/p - orc
Aim: an orc, wielding a +0 hand axe and wearing a +0 leather armour Attack!
Your quokka bites the orc but does no damage.
Something hits your shadow imp!
Your crimson imp closely misses the orc.
The frilled lizard bites your quokka. What are your orders? t - Bark!
Orders for allies: a - Attack new target. p - Attack previous target. r - Retreat! s - Stop attacking. g - Guard the area. f - Follow me.
Anything else - Cancel.
Gang up on whom?
Press: ? - help, Dir - move target cursor, f/p - orc
Aim: an orc, wielding a +0 hand axe and wearing a +0 leather armour Attack!
The frilled lizard bites your shadow imp.
Your crimson imp closely misses the orc.
Your shadow imp gestures at the frilled lizard.
The frilled lizard writhes in agony!
The frilled lizard dies!
Unknown command.
The orc hits you with a +0 hand axe!
* * * LOW HITPOINT WARNING * * *
The orc hits your crimson imp but does no damage.
The orc closely misses your quokka.
Your quokka barely misses the orc.
Your crimson imp closely misses the orc.
Your shadow imp hits the orc priest.
Things that are here:
a +0 mace; a +0 leather armour Unknown command.
You aren't carrying any potions.
Unknown command.
Unknown command.
You aren't carrying any potions.
Unknown command.
You hit the orc.
The orc is almost dead.
The orc hits you with a +0 hand axe.
You die...

##### .....
#############...#
#.##...............#
#.##...............# ..
..##...............# .#
#.##..........†....# .#
#.##.......†.......#
.###.##....[.r5o@...###
........###...#######
.###.##.# #...#
.#.....)###..o#
.#.#.........5.......
.)......##...........
)#.####.##..........%
......#.##........o..
...##.#.##...........


You could see an orc, a friendly crimson imp and a friendly quokka.

Vanquished Creatures
  4 orcs (D:3)
  A frilled lizard (D:3)
5 creatures vanquished.

Vanquished Creatures (collateral kills)
  Ijyb (D:3)
  2 worms (D:2)
  3 orcs (D:3)
  2 bats (D:3)
  3 goblins
  3 hobgoblins
  A kobold (D:3)
  4 frilled lizards
  2 rats
21 creatures vanquished.

Grand Total: 26 creatures vanquished

Notes
Turn   | Place    | Note
-------+----------+-------------------------------------------
     0 | D:1      | tidbits the Gnoll Summoner began the quest for the Orb.
     0 | D:1      | Reached XP level 1. HP: 13/13 MP: 6/6
   143 | D:2      | Reached XP level 2. HP: 19/19 MP: 2/7
   147 | D:2      | Learned a level 2 spell: Call Imp
   337 | D:3      | Noticed Ijyb
   382 | D:3      | Killed Ijyb
   382 | D:3      | Reached skill level 5 in Spellcasting
   382 | D:3      | Reached XP level 3. HP: 23/25 MP: 1/9
   437 | D:3      | Reached skill level 1 in Invocations
   457 | D:3      | HP: 2/25 [orc/+0 hand axe (7)]
   460 | D:3      | Slain by an orc

Vault maps used:
D:1:      dpeg_arrival_lava_temple_mockup, tso_altar
D:2:      serial_forest, infiniplex_forest_lined_2,
          infiniplex_forest_clump_curved, infiniplex_forest_lined_2,
          infiniplex_forest_clump_small, infiniplex_forest_clump_large,
          infiniplex_forest_clump_small
D:3:      marbit_many_paths, uniq_ijyb

Skill      XL: |  1  2  3 |
---------------+----------+-----
Spellcasting   | 5 |  5.0
Invocations    | 1 |  1.0
Fighting       | |  0.8
Short Blades   | |  0.8
Long Blades    | |  0.8
Axes           | |  0.8
Maces & Flails | |  0.8
Polearms       | |  0.8
Staves         | |  0.8
Slings         | |  0.8
Bows           | |  0.8
Crossbows      | |  0.8
Throwing       | |  0.8
Armour         | |  0.8
Dodging        | |  4.5
Stealth        | |  4.1
Shields        | |  0.8
Unarmed Combat | |  0.8
Conjurations   | |  0.5
Hexes          | |  0.5
Charms         | |  0.5
Summonings     | |  7.1
Necromancy     | |  0.5
Translocations | |  0.5
Transmutations | |  0.5
Fire Magic     | |  0.5
Ice Magic      | |  0.5
Air Magic      | |  0.5
Earth Magic    | |  0.5
Poison Magic   | |  0.5
Evocations     | |  0.8

Action                   || total
-------------------------++-------
Melee: Unarmed           ||     2
       Bite              ||     3
       Dagger            ||    26
       Short sword       ||     7
       Quarterstaff      ||     1
 Cast: Summon Small Mamm ||    27
       Call Imp          ||     5
  Use: Potion            ||     1
  Eat: Ration            ||     1
Armor: Robe              ||     4
Dodge: Dodged            ||    32

Table legend:
 A = Non-vault XP
 B = Vault XP
 C = Vault XP percentage of total XP
 D = Non-vault monster count
 E = Vault monster count
 F = Vault count percentage of total count
                 A         B        C        D         E       F
            +---------+---------+-------+---------+---------+-------
      Total |      38 |      20 |  34.5 |      25 |       1 |   3.8
            +---------+---------+-------+---------+---------+-------
        D:1 |       1 |       0 |   0.0 |       1 |       0 |   0.0
        D:2 |      11 |       0 |   0.0 |       6 |       0 |   0.0
        D:3 |      26 |      20 |  43.5 |      18 |       1 |   5.3
            +---------+---------+-------+---------+---------+-------

Table legend:
 A = Turns spent in this place as a percentage of turns spent in the entire game.
 B = Non-inter-level travel turns spent in this place as a percentage of non-inter-level travel turns spent in the entire game.
 C = Inter-level travel turns spent in this place as a percentage of turns spent in this place.
 D = Turns resting spent in this place as a percentage of non-inter-level travel turns spent in this place.
 E = Turns spent auto-exploring this place as a percentage of non-inter-level travel turns spent in this place.
 F = Non-inter-level travel turns spent in this place divided by the number of levels of this place that you've seen.
                   A       B       C       D       E      F
               +-------+-------+-------+-------+-------+----------------------
         Total | 100.0 | 100.0 |   0.0 |   0.0 |   0.0 | 153.3
       Dungeon | 100.0 | 100.0 |   0.0 |   0.0 |   0.0 | 153.3
               +-------+-------+-------+-------+-------+----------------------

Table legend:
 A = Kills in this place as a percentage of kills in entire the game.
 B = Kills by you in this place as a percentage of kills by you in the entire game.
 C = Kills by friends in this place as a percentage of kills by friends in the entire game.
 D = Other kills in this place as a percentage of other kills in the entire game.
 E = Experience gained in this place as a percentage of experience gained in the entire game.
 F = Experience gained in this place divided by the number of levels of this place that you have seen.
                   A       B       C       D       E      F
               +-------+-------+-------+-------+-------+----------------------
         Total | 100.0 | 100.0 | 100.0 |   N/A | 100.0 |  19.3
       Dungeon | 100.0 | 100.0 | 100.0 |   N/A | 100.0 |  19.3
               +-------+-------+-------+-------+-------+----------------------

Vault maps used:
D:1:      dpeg_arrival_lava_temple_mockup, tso_altar
D:2:      serial_forest, infiniplex_forest_lined_2,
          infiniplex_forest_clump_curved, infiniplex_forest_lined_2,
          infiniplex_forest_clump_small, infiniplex_forest_clump_large,
          infiniplex_forest_clump_small
D:3:      marbit_many_paths, uniq_ijyb
